 Dungeon Crawl Stone Soup version 0.30-a0-956-gcec3b41aec (webtiles) character file.

Game seed: 16128179424613326125

1143 Lobster4 the Trooper (level 8, -1/80 HPs)
             Began as an Ogre Gladiator on Mar 29, 2023.
             Slain by a phantom (5 damage)
             ... on level 5 of the Dungeon.
             The game lasted 00:09:44 (5434 turns).

Lobster4 the Trooper (Ogre Gladiator)               Turns: 5434, Time: 00:09:44

Health: -1/80      AC:  3    Str: 21    XL:     8   Next: 37%
Magic:  12/12      EV: 10    Int: 15    God:
Gold:   299        SH:  0    Dex: 10    Spells: 11/13 levels left

rFire   . . .      SeeInvis .    a - +0 war axe
rCold   . . .      Faith    .    (no shield)
rNeg    . . .      Spirit   .    b - +0 robe
rPois   .          Reflect  .    c - +0 hat
rElec   .          Rampage  .    (no cloak)
rCorr   .                        (gloves unavailable)
Will    .....                    (boots unavailable)
Stlth   +                        (no amulet)
HPRegen 0.33/turn                t - +6 ring of intelligence
MPRegen 0.13/turn                F - +4 ring of slaying

@: no status effects
A: large, unfitting armour, tough skin 1
a: no special abilities


You were on level 5 of the Dungeon.
You visited 1 branch of the dungeon, and saw 5 of its levels.
You also visited: Ossuary.

You collected 299 gold pieces.

Inventory:

Hand Weapons
 a - a +0 war axe (weapon)
 l - a +1 flail of protection
Missiles
 d - 3 throwing nets
 e - a large rock
 f - 62 stones (quivered)
 i - 3 poisoned darts
Armour
 b - a +0 robe (worn)
 c - a +0 hat (worn)
 p - a +2 kite shield
Jewellery
 t - a +6 ring of intelligence (left hand)
 v - a ring of ice
 F - a +4 ring of slaying (right hand)
Wands
 H - a wand of roots (10)
Scrolls
 k - 2 scrolls of fog {unknown}
 m - a scroll of teleportation {unknown}
 o - a scroll of enchant weapon {unknown}
 r - 2 scrolls of amnesia {unknown}
 y - a scroll of noise {unknown}
 C - 2 scrolls of identify {unknown}
 D - 3 scrolls of fear {unknown}
 E - 3 scrolls of poison {unknown}
 G - a scroll of immolation {unknown}
Potions
 g - a potion of cancellation {unknown}
 h - a potion of mutation {unknown}
 j - 5 potions of curing
 n - 2 potions of heal wounds {unknown}
 q - a potion of invisibility {unknown}
 s - a potion of haste {unknown}
 u - 3 potions of might {unknown}
 w - 2 potions of brilliance {unknown}
 x - 3 potions of degeneration {unknown}
 z - a potion of attraction {unknown}
 A - 2 potions of lignification
 B - a potion of flight {unknown}


   Skills:
 + Level 5.3 Fighting
 + Level 4.8 Axes
 - Level 4.0 Throwing
 + Level 4.3 Dodging
 + Level 2.7 Shields
 - Level 3.0 Spellcasting
 + Level 2.7 Air Magic
 + Level 2.5 Poison Magic


You had 11 spell levels left.
You knew the following spells:

 Your Spells              Type           Power      Damage    Failure   Level
a - Poisonous Vapours     Pois/Air       20%        N/A       11%         2

Your spell library contained the following spells:

 Spells                   Type           Power      Damage    Failure   Level
 Cigotuvi's Dreadful Rot  Necr/Pois/Air  14%        N/A       16%         2
 Mephitic Cloud           Conj/Pois/Air  7%         N/A       30%         3
 Dispel Undead            Necr           2%         3d7       89%         4
 Death Channel            Necr           1%         N/A       100%        6


Dungeon Overview and Level Annotations

Branches:
Dungeon (5/15)            Ossuary (visited)
 Temple: D:4-7

Altars:

Shops:
D:3 (


Innate Abilities, Weirdness & Mutations

You are too large for most types of armour.
You have tough skin. (AC +1)


Message History

The worm closely misses you.
The scorpion zombie attacks as you move away!
The scorpion zombie closely misses you. The phantom hits you.
You hit the phantom.
The phantom is almost destroyed.
You barely miss the scorpion zombie. The scorpion zombie barely misses you.
The phantom barely misses you. The scorpion zombie hits you.
The phantom hits you. The phantom hits you.
* * * LOW HITPOINT WARNING * * *
The scorpion zombie attacks as you move away!
The scorpion zombie hits you.
* * * LOW HITPOINT WARNING * * *
The phantom hits you.
* * * LOW HITPOINT WARNING * * *
The phantom blinks!
You blink.
The phantom attacks as you move away! The phantom hits you.
* * * LOW HITPOINT WARNING * * *
You barely miss the phantom.
The phantom is almost destroyed.
The phantom hits you.
* * * LOW HITPOINT WARNING * * *
You hit the phantom.
The phantom is almost destroyed.
The phantom hits you but does no damage.
You barely miss the phantom.
The phantom is almost destroyed.
The phantom hits you.
* * * LOW HITPOINT WARNING * * *
You barely miss the phantom.
The phantom is almost destroyed.
The phantom hits you.
* * * LOW HITPOINT WARNING * * *
The phantom blinks!
You blink.
The phantom hits you.
* * * LOW HITPOINT WARNING * * *
The phantom blinks!
You blink.
The scorpion zombie closely misses you.
You feel better. The scorpion zombie hits you.
* * * LOW HITPOINT WARNING * * *
The phantom hits you.
You die...

...........# #...........#
.......P..P# #.......#.##
..........P####.......#>.
.......P.P......w......#
.........###.##.....8..#
.........##..##.Z§.8...#
............###........#
..........#####ZW..........
..........# #...@....#.####
.........## #..........#
.........# #......###.#
.>.......# #......# ##
#......# ########


You could see a phantom, a worm and 2 scorpion zombies.

Vanquished Creatures
  A phantom (D:5)
  8 scorpions (Ossuary)
  A howler monkey (D:5)
  2 centaur zombies (Ossuary)
  2 human zombies (Ossuary)
  2 hounds
  8 scorpion zombies (Ossuary)
  3 mummies (Ossuary)
  Robin (D:2)
  3 adders
  A worm (D:3)
  3 dart slugs
  3 bats
  7 endoplasms
  2 giant cockroaches
  19 goblins
  6 hobgoblins
  13 jackals
  3 quokkas
  7 ball pythons
  7 frilled lizards
  5 gnoll zombies (Ossuary)
  2 hobgoblin zombies (Ossuary)
  3 kobolds
  3 kobold zombies (Ossuary)
  2 orc zombies (Ossuary)
  5 rats
122 creatures vanquished.

Notes
Turn   | Place    | Note
-------+----------+-------------------------------------------
     0 | D:1      | Lobster4 the Ogre Gladiator began the quest for the Orb.
     0 | D:1      | Reached XP level 1. HP: 22/22 MP: 1/1
    83 | D:1      | Reached skill level 3 in Fighting
    83 | D:1      | Reached XP level 2. HP: 23/31 MP: 2/2
   506 | D:1      | Reached XP level 3. HP: 37/37 MP: 3/3
  1333 | D:2      | Reached XP level 4. HP: 45/45 MP: 4/4
  1441 | D:2      | Noticed Robin
  1653 | D:2      | Learned a level 2 spell: Poisonous Vapours
  1726 | D:2      | Killed Robin
  2218 | D:3      | Found Jegiat's Weapon Shop.
  2506 | D:3      | Reached XP level 5. HP: 54/54 MP: 5/5
  3573 | D:5      | Entered Level 5 of the Dungeon
  3713 | D:5      | Found a sand-covered staircase.
  3741 | Ossuary  | Entered an ossuary
  3761 | Ossuary  | Reached skill level 1 in Spellcasting
  3768 | Ossuary  | Reached skill level 4 in Fighting
  3768 | Ossuary  | Reached skill level 1 in Shields
  3768 | Ossuary  | Reached skill level 1 in Air Magic
  3768 | Ossuary  | Reached XP level 6. HP: 44/62 MP: 7/7
  3773 | Ossuary  | Reached skill level 1 in Poison Magic
  4138 | Ossuary  | Reached XP level 7. HP: 52/71 MP: 9/9
  4958 | Ossuary  | Reached XP level 8. HP: 44/79 MP: 10/12
  4962 | Ossuary  | HP: 4/118 [poisoned by a scorpion]
  4965 | Ossuary  | Reached skill level 5 in Fighting
  5433 | D:5      | HP: 2/80 [phantom (3)]
  5434 | D:5      | Slain by a phantom

Illustrated notes

Levels and vault maps discovered:
D:1:      dpeg_arrival_fog, layout_basic, minmay_misc_feat_five,
          minmay_stone_trees_medium
D:2:      layout_basic, uniq_robin
D:3:      layout_loops_cross, serial_shops, nicolae_shop_bloodbath_and_beyond
D:4:      layout_gridville, serial_glass, glass_columns_b, glass_columns_a,
          glass_columns_b, glass_columns_a, glass_columns_a, glass_columns_b,
          glass_columns_b, glass_columns_a
D:5:      layout_rooms, enter_ossuary_1, serial_undead, serial_undead_a,
          serial_undead_e, serial_undead_d, serial_undead_c, serial_undead_e,
          serial_undead_b

Skill      XL: |  1  2  3  4  5  6  7  8 |
---------------+-------------------------+-----
Fighting       | 3 4 5 |  5.3
Dodging        | 3 4 |  4.3
Throwing       | 3 4 |  4.0
Spellcasting   | 1 2 3 |  3.0
Shields        | 1 2 |  2.7
Air Magic      | 1 2 |  2.7
Poison Magic   | 1 2 |  2.5
Axes           | 4 |  4.8

Action                     |  1- 3 |  4- 6 |  7- 9 || total
---------------------------+-------+-------+-------++-------
  Melee: War axe           |    99 |   215 |   120 ||   434
         Punch             |       |     1 |     1 ||     2
  Throw: Dart              |       |       |     3 ||     3
    Use: Scroll            |       |     1 |       ||     1
         Potion            |       |       |     3 ||     3
   Stab: Sleeping          |     1 |       |     1 ||     2
 Armour: Robe              |    43 |    68 |    19 ||   130
         Skin              |       |       |     1 ||     1
  Dodge: Dodged            |    55 |   134 |    64 ||   253

Table legend: (Time is in decaauts)
 A = Elapsed time spent in this place.
 B = Non-inter-level travel time spent in this place.
 C = Inter-level travel time spent in this place.
 D = Time resting spent in this place.
 E = Time spent auto-exploring this place.
 F = Levels seen in this place.
 G = Mean time per level.
                   A        B        C        D        E       F      G
               +--------+--------+--------+--------+--------+-----+--------+
         Total |   5566 |   5382 |    184 |   1182 |   3001 |   6 |  927.7 |
       Dungeon |   3954 |   3770 |    184 |    216 |   2845 |   5 |  790.8 |
       Ossuary |   1612 |   1612 |      0 |    966 |    156 |   1 | 1612.0 |
               +--------+--------+--------+--------+--------+-----+--------+

Top non-repeatable levels by time:
 Ossuary: 1612 daAuts
     D:1: 1309 daAuts
     D:4: 880 daAuts
     D:2: 784 daAuts
     D:3: 672 daAuts
     D:5: 307 daAuts
